 Dungeon Crawl Stone Soup version 0.31-a0-986-g5e6e4ef867 (webtiles) character file.

Game seed: 1187531023509278525

448 themarg the Ruffian (level 6, -2/66 HPs)
             Began as a Troll Fighter on Nov 11, 2023.
             Slain by a flying skull (6 damage)
             ... on level 1 of the Abyss.
             The game lasted 00:06:32 (2451 turns).

themarg the Ruffian (Troll Fighter)                 Turns: 2451, Time: 00:06:32

Health: -2/66      AC:  4    Str: 27    XL:     6   Next: 73%
Magic:  5/5        EV:  9    Int:  4    God:
Gold:   179        SH:  7    Dex:  9    Spells: 5/5 levels left

rFire   . .          .
                       - Unarmed
rCold   . . .        b - +0 kite shield
rNeg    . . .        a - +0 robe
rPois   .            (helmet restricted)
rElec   .            (no cloak)
rCorr   .            (gloves unavailable)
SInv    .            (boots unavailable)
Will    .....        (no amulet)
Stlth   +            (no ring)
HPRegen 1.11/turn    (no ring)
MPRegen 0.09/turn

%: no passive effects
@: no status effects
A: large, unfitting armour, claws 3, regeneration 1, shaggy fur 1, tough skin 1
a: no special abilities


You were on level 1 of the Abyss.
You visited 1 branch of the dungeon, and saw 4 of its levels.
You visited the Abyss 1 time.

You collected 179 gold pieces.

Inventory:

Missiles
 h - 34 stones
 j - 15 poisoned darts
 p - 4 large rocks
Armour
 a - a +0 robe (worn)
 b - a +0 kite shield (worn)
Jewellery
 e - a ring of fire
Wands
 n - a wand of flame (24)
Scrolls
 d - 2 scrolls of teleportation
 k - a scroll of immolation
 m - a scroll of noise {unknown}
Potions
 c - 3 potions of might
 f - a potion of mutation {unknown}
 g - 2 potions of curing
 l - a potion of haste {unknown}
 o - a potion of degeneration {unknown}


   Skills:
 * Level 5.0 Fighting
 - Level 2.4 Dodging
 + Level 2.7 Shields
 * Level 5.0 Unarmed Combat


You had 5 spell levels left.
You didn't know any spells.
Your spell library contained the following spells:

 Spells                   Type           Power      Damage    Failure   Level
 Sting                    Tmut/Pois      0%         1d3       75%         1
 Poisonous Vapours        Pois/Air       0%         N/A       87%         2
 Dazzling Flash           Conj/Hex       0%         N/A       98%         3
 Olgreb's Toxic Radiance  Pois           0%         N/A       100%        4
 Agony                    Necr           0%         N/A       100%        5
 Silence                  Hex/Air        0%         N/A       100%        5


Dungeon Overview and Level Annotations

Branches:
Dungeon (4/15)
 Temple: D:4-7

Altars:

Annotations:
D:2 1 exclusion


Innate Abilities, Weirdness & Mutations

You are too large for most types of armour.
You have claws for hands.
Your natural rate of healing is unusually fast.
You are covered in fur. (AC +1)
You have tough skin. (AC +1)


Message History

The flying skull hits you but does no damage.
A flying skull comes into view.
The flying skull hits you! The flying skull closely misses you.
You claw the flying skull!
You destroy the flying skull!
The thrashing horror tramples you!
You hold your ground!
The thrashing horror tramples you.
You hold your ground!
The flying skull hits you!
Training target 5.0 for Unarmed Combat reached!
Training target 5.0 for Fighting reached!
Your Fighting skill increases to level 5!
Your Unarmed Combat skill increases to level 5!
You need to enable at least one skill for training.
You claw the flying skull!
The flying skull is severely damaged.
The substance of the Abyss twists violently, and a gateway leading out appears!
The thrashing horror closely misses you.
The thrashing horror barely misses you. The flying skull barely misses you.
You block the flying skull's attack. The flying skull closely misses you.
The thrashing horror tramples you.
You stumble backwards!
You claw the thrashing horror!
The thrashing horror is moderately damaged.
The thrashing horror tramples you!
* * * LOW HITPOINT WARNING * * *
You hold your ground!
The thrashing horror closely misses you.
You block the thrashing horror's attack.
The thrashing horror tramples you but does no damage.
A small abomination comes into view.
The flying skull barely misses you. The flying skull hits you.
* * * LOW HITPOINT WARNING * * *
The thrashing horror tramples you.
* * * LOW HITPOINT WARNING * * *
You hold your ground!
The thrashing horror misses you. The flying skull hits you.
* * * LOW HITPOINT WARNING * * *
A flying skull comes into view.
The flying skull hits you.
You die...

.. .. ....#.#.#.
..... ... ... .#.
.. ....#.... .. #.
... # . #
.#....##.x ##.
...## ..
....#...## #..#..
# . . #. ##.#.#.
####.#.#. .
#.##.....######.#.
# . . #
.....#......#.#..
# ..# #.#..z@.#.
.##.## #.##
#...Xz.####.## .#.
# #...#..#..# #
.###.... # ...
##.#.#.# .... . ..
. . .. ##z.....
#..##.#. . #
.#..#.....#...§..
..#..#...#....#..
. # #.#....###
##.§. # . .. ..#.
........# .


You could see a thrashing horror and 3 flying skulls.

Vanquished Creatures
  A flying skull (Abyss:1)
  2 jellies
  Terence (D:2)
  Jessica (D:2)
  An orc wizard (D:3)
  7 adders
  2 dart slugs (D:1)
  4 orcs (D:3)
  3 ball pythons
  6 bats
  12 endoplasms
  2 giant cockroaches
  9 goblins
  6 hobgoblins
  2 jackals (D:1)
  3 quokkas
  2 frilled lizards
  7 kobolds
  7 rats
78 creatures vanquished.

Notes
Turn   | Place    | Note
-------+----------+-------------------------------------------
     0 | D:1      | themarg the Troll Fighter began the quest for the Orb.
     0 | D:1      | Reached XP level 1. HP: 22/22 MP: 0/0
    69 | D:1      | Reached XP level 2. HP: 29/29 MP: 1/1
   195 | D:1      | Found a faded altar of an unknown god.
   243 | D:1      | Reached XP level 3. HP: 37/37 MP: 2/2
   875 | D:2      | Noticed Jessica
   881 | D:2      | Killed Jessica
   882 | D:2      | Reached XP level 4. HP: 41/45 MP: 3/3
  1043 | D:2      | Noticed Terence
  1071 | D:2      | Killed Terence
  1499 | D:3      | Reached XP level 5. HP: 54/54 MP: 4/4
  2323 | D:4      | Reached XP level 6. HP: 49/63 MP: 5/5
  2348 | Abyss:1  | Cast into level 1 of the Abyss (kobold)
  2425 | Abyss:1  | Noticed a wretched star
  2439 | Abyss:1  | Noticed a flying skull
  2439 | Abyss:1  | Noticed a flying skull
  2441 | Abyss:1  | Noticed a thrashing horror
  2445 | Abyss:1  | Noticed a flying skull
  2446 | Abyss:1  | Killed a flying skull
  2447 | Abyss:1  | Reached skill level 5 in Fighting
  2447 | Abyss:1  | Reached skill level 5 in Unarmed Combat
  2449 | Abyss:1  | Noticed a small abomination
  2451 | Abyss:1  | Noticed a flying skull
  2451 | Abyss:1  | Slain by a flying skull

Illustrated notes

Levels and vault maps discovered:
D:1:      dpeg_arrival_shrine, layout_rooms, ebering_ecumenical_altar_hall,
          nicolae_concentric_dashed_squares_wild, kennysheep_small_spiral,
          amethyst_killhole
D:2:      layout_loops_ring, minmay_misc_feat_cross, item_on_display_a,
          uniq_jessica, uniq_terence
D:3:      layout_basic, kennysheep_generic_room_12
D:4:      layout_cave_pods, goddamned_bats
Abyss:1:  base:
D:2

Skill      XL: |  1  2  3  4  5  6 |
---------------+-------------------+-----
Fighting       | 3 4 5 |  5.0
Unarmed Combat | 3 4 5 |  5.0
Dodging        | |  2.4
Shields        | |  2.7

Action                     |  1- 3 |  4- 6 || total
---------------------------+-------+-------++-------
  Melee: Unarmed           |    81 |    99 ||   180
    Use: Scroll            |       |     3 ||     3
   Stab: Sleeping          |       |     1 ||     1
 Armour: Robe              |    43 |    58 ||   101
  Dodge: Dodged            |    11 |    27 ||    38
  Block: Kite shield       |    31 |    40 ||    71

Table legend: (Time is in decaauts)
 A = Elapsed time spent in this place.
 B = Non-inter-level travel time spent in this place.
 C = Inter-level travel time spent in this place.
 D = Time resting spent in this place.
 E = Time spent auto-exploring this place.
 F = Levels seen in this place.
 G = Mean time per level.
                   A        B        C        D        E       F      G
               +--------+--------+--------+--------+--------+-----+--------+
         Total |   2466 |   2350 |    116 |     60 |   1736 |   5 |  493.2 |
       Dungeon |   2362 |   2246 |    116 |     60 |   1736 |   4 |  590.5 |
         Abyss |    103 |    103 |      0 |      0 |      0 |   1 |  103.0 |
               +--------+--------+--------+--------+--------+-----+--------+

Top non-repeatable levels by time:
     D:3: 880 daAuts
     D:2: 733 daAuts
     D:1: 692 daAuts
 Abyss:1: 103 daAuts
     D:4: 56 daAuts
